 Dungeon Crawl Stone Soup version 0.22-a0-542-gce4f928 (webtiles) character file.

6731 Amnesiac the Blocker (level 11, 0/115 HPs)
             Began as an Ogre Wizard on June 24, 2018.
             Was an Initiate of Sif Muna.
             Slain by a hound (1 damage)
             ... on level 9 of the Dungeon.
             The game lasted 00:33:32 (10134 turns).

Amnesiac the Blocker (Ogre Wizard)                 Turns: 10134, Time: 00:33:33

Health: 0/115      AC:  6    Str: 13      XL:     11   Next: 4%
Magic:  12/22      EV: 11    Int: 22      God:    Sif Muna [......]
Gold:   399        SH:  0    Dex:  6 (7)  Spells: 6/25 levels left

rFire    . . .     SeeInvis .   y - +4 whip (flame)
rCold    . . .     Gourm    .   (no shield)
rNeg     . . .     Faith    .   a - +0 robe
rPois    .         Spirit   .   b - +1 hat
rElec    .         Reflect  .   C - +1 cloak {+Inv}
rCorr    +         Harm     .   (gloves unavailable)
MR       +....                  (boots unavailable)
Stlth    ++........             j - amulet of regeneration
HPRegen  0.69/turn              t - ring of resist corrosion
MPRegen  0.18/turn              (no ring)

@: lethally poisoned (0 -> 0), about to teleport
A: large, unfitting armour, tough skin 1
a: Renounce Religion, Evoke Invisibility


You were on level 9 of the Dungeon.
You worshipped Sif Muna.
Sif Muna was noncommittal.
You were not hungry.

You visited 2 branches of the dungeon, and saw 10 of its levels.

You collected 453 gold pieces.
You spent 54 gold pieces at shops.

Inventory:

Hand Weapons
 w - a +5 great sword of freezing
 y - a +4 whip of flaming (weapon)
Armour
 a - a +0 robe (worn)
 b - a +1 hat (worn)
 n - a scarf of resistance
 s - a +0 large shield
 C - a +1 cloak of invisibility (worn)
Jewellery
 j - an amulet of regeneration (around neck)
 t - a ring of resist corrosion (left hand)
Wands
 m - a wand of iceblast (13)
 F - a wand of paralysis (12)
Scrolls
 f - 2 scrolls of remove curse {!r}
 h - 2 scrolls of fog {!r}
 z - 2 scrolls of amnesia {!r}
 A - 3 scrolls of enchant armour {!r}
Potions
 g - a potion of berserk rage {!q}
 k - 2 potions of might {!q, unknown}
 l - 2 potions of cancellation {!q, unknown}
 o - a potion of haste {!q}
 p - 3 potions of mutation {!q, unknown}
 v - 3 potions of brilliance {!q}
 x - 2 potions of curing {!q}
 B - 2 potions of ambrosia {!q}
 D - a potion of flight {!q}
 E - a potion of lignification {!q}
Comestibles
 d - 17 rations
 q - 6 chunks of flesh


   Skills:
 - Level 9.3 Fighting
 - Level 7.3 Dodging
 - Level 3.0 Stealth
 - Level 9.3 Shields
 - Level 7.5 Spellcasting
 + Level 2.9 Conjurations
 - Level 0.8 Summonings
 - Level 0.8 Translocations


You had 6 spell levels left.
You knew the following spells:

 Your Spells              Type           Power        Failure   Level  Hunger
a - Dazzling Spray        Conj/Hex       ##....       13%         3    None
b - Spectral Weapon       Hex/Chrm       #.......     24%         3    None
c - Call Imp              Summ           ##......     9%          2    None
e - Mephitic Cloud        Conj/Pois/Air  ##......     16%         3    None
r - Regeneration          Chrm/Necr      #.........   24%         3    None
s - Conjure Flame         Conj/Fire      ##......     13%         3    None
v - Blink                 Tloc           N/A          9%          2    None

Your spell library contained the following spells:

 Spells                   Type           Power        Failure   Level  Hunger
 Magic Dart               Conj           ###.         2%          1    None
 Slow                     Hex            #.......     12%         2    None
 Confuse                  Hex            #.......     24%         3    None
 Tukima's Dance           Hex            #.......     24%         3    None
 Ensorcelled Hibernation  Hex/Ice        #.....       12%         2    None
 Corona                   Hex            #......      8%          1    None
 Shroud of Golubria       Chrm/Tloc      ##........   10%         2    None
 Infusion                 Chrm           #...         8%          1    None
 Song of Slaying          Chrm           #.......     12%         2    None


Dungeon Overview and Level Annotations

Branches:
Dungeon (9/15)             Temple (1/1) D:4
   Lair: D:8-11         Orc: D:9-12

Altars:
Ashenzari
Cheibriados
Dithmenos
Elyvilon
Fedhas
Gozag
Hepliaklqana
Kikubaaqudgha
Makhleb
Nemelex Xobeh
Okawaru
Qazlal
Ru
Sif Muna
Trog
Uskayaw
Vehumet
Wu Jian
Xom
Yredelemnul
Zin
The Shining One
Beogh

Shops:
D:4 (   D:5 [   D:6 }


Innate Abilities, Weirdness & Mutations

You are too large for most types of armour.
You have tough skin. (AC +1)


Message History

You speak a Word of immense power!
It was a scroll of holy word {!r}.
The hound bites you.
* * * LOW HITPOINT WARNING * * *
Casting: Mephitic Cloud (safe; 16% risk of failure)
Confirm with . or Enter, or press ? or * to list all spells.
You draw out your weapon's spirit!
You feel sick. The hound closely misses you. The hound barely misses you.
Casting: Spectral Weapon (safe; 24% risk of failure)
Confirm with . or Enter, or press ? or * to list all spells.
A beastly little devil appears in a puff of frigid air.
The orc priest is no longer paralysed.
The killer bee stings you but does no damage.
The killer bee stings you.
* * * LOW HITPOINT WARNING * * *
You are more poisoned.
The killer bee poisons you!
The orc priest mumbles some strange prayers to Beogh against you.
Beogh smites you!
* * * LOW HITPOINT WARNING * * *
The killer bee stings the killer bee!
The hound bites you but does no damage. The killer bee barely misses you.
You swap places.
You feel sick.
The orc warrior seems less confused.
The killer bee stings your white imp. x2; The hound barely misses you.
The killer bee stings your white imp.
Your white imp dies!
The orc priest barely misses you. The hound misses you.
Really quaff
e - a potion of heal wounds {!q}?
You feel much better.
You feel sick.
The killer bee stings you but does no damage.
The orc priest hits you with a hand axe.
* * * LOW HITPOINT WARNING * * *
The killer bee stings you.
* * * LOW HITPOINT WARNING * * *
The hound bites you.
* * * LOW HITPOINT WARNING * * *
Really read
r - a scroll of teleportation {!r}?
As you read the scroll of teleportation {!r}, it crumbles to dust.
You feel strangely unstable.
You feel sick. The killer bee closely misses you. The hound misses you.
The orc priest hits you with a hand axe.
* * * LOW HITPOINT WARNING * * *
The killer bee stings you.
* * * LOW HITPOINT WARNING * * *
The hound barely misses you.
You swap places.
The killer bee stings your spectral weapon!
Your spectral weapon shares its damage with you!
* * * LOW HITPOINT WARNING * * *
The orc warrior hits you with a flail!
* * * LOW HITPOINT WARNING * * *
The hound barely misses you.
The killer bee barely misses your spectral weapon.
The orc priest looks satisfied for a moment.
Okay, then.
Unknown command.
Okay, then.
Okay, then.
You feel sick.
The killer bee stings your spectral weapon.
Your spectral weapon shares its damage with you!
Your spectral weapon fades away.
* * * LOW HITPOINT WARNING * * *
The orc warrior completely misses you. The hound bites you.
You die...

.... ......
......
......########
.......y.yh@.#
.........oo..#
...........††#
.........†...#
.............#
......y......#
.........#####
.........#
.........#


You could see an orc warrior, a hound, 3 killer bees and an orc priest.

Vanquished Creatures
  A two-headed ogre (D:8)
  Pikel (D:6)
  Maurice (D:8)
  Joseph (D:8)
  The ghost of Gildeon the Bolt Thrower, an amateur DDHu of Yredelemnul (D:5)
  A hippogriff (D:7)
  Edmund (D:4)
  A water moccasin (D:6)
  An orc warrior (D:5)
  An ice beast (D:4)
  A sky beast (D:7)
  3 slaves (D:6)
  A necrophage (D:5)
  2 ogres
  4 centaurs
  Blork the orc (D:5)
  2 big kobolds
  7 bullfrogs
  2 scorpions
  15 killer bees
  8 wights
  A howler monkey (D:5)
  5 crimson imps
  5 hounds
  4 jellies
  13 orc priests
  7 orc wizards
  A centaur skeleton (D:5)
  6 iguanas
  Jessica (D:2)
  Terence (D:5)
  5 worker ants
  A hound skeleton (D:6)
  2 worker ant zombies (D:7)
  Robin (D:3)
  A howler monkey skeleton (D:7)
  5 adders
  2 shadow imps
  10 oozes
  2 adder zombies
  A worm (D:4)
  2 dart slugs (D:2)
  3 leopard geckos
  39 orcs
  2 ball pythons
  A giant cockroach (D:2)
  7 goblins (D:3)
  10 hobgoblins
  4 jackals (D:8)
  7 quokkas
  7 bats
  2 frilled lizards
  14 kobolds
  A leopard gecko zombie (D:8)
  A rat (D:3)
  A spectral weapon (D:8)
231 creatures vanquished.

Vanquished Creatures (collateral kills)
  A wraith (D:7)
  An ice beast (D:7)
  An orc warrior (D:7)
  3 killer bees (D:9)
  A quasit (D:8)
  A jelly (D:2)
  An orc priest (D:7)
  A worker ant zombie (D:3)
  2 orcs (D:7)
  A hobgoblin (D:3)
13 creatures vanquished.

Vanquished Creatures (others)
  2 fungi (D:2)
  4 plants (D:9)
  2 spectral weapons
  9 toadstools (D:2)
17 creatures vanquished.

Grand Total: 261 creatures vanquished

Notes
Turn   | Place    | Note
-------+----------+-------------------------------------------
     0 | D:1      | Amnesiac the Ogre Wizard began the quest for the Orb.
     0 | D:1      | Reached XP level 1. HP: 16/16 MP: 5/5
   152 | D:2      | Reached skill level 1 in Conjurations
   208 | D:2      | Reached skill level 1 in Fighting
   208 | D:2      | Reached XP level 2. HP: 12/27 MP: 0/6
   212 | D:2      | Learned a level 2 spell: Call Imp
   647 | D:2      | Reached XP level 3. HP: 20/35 MP: 0/8
   660 | D:2      | Learned a level 3 spell: Conjure Flame
   664 | D:2      | Learned a level 3 spell: Mephitic Cloud
   844 | D:2      | Reached XP level 4. HP: 34/42 MP: 6/10
  1691 | D:2      | Reached XP level 5. HP: 50/50 MP: 1/11
  2055 | D:2      | Noticed Jessica
  2061 | D:2      | Killed Jessica
  2453 | D:3      | Noticed Terence
  2534 | D:3      | Reached XP level 6. HP: 9/61 MP: 0/12
  2716 | D:3      | Noticed Robin
  2725 | D:3      | Killed Robin
  3904 | D:4      | Found Yqadacesk's Weapon Shoppe.
  3912 | D:4      | Found a staircase to the Ecumenical Temple.
  3917 | Temple   | Entered the Ecumenical Temple
  4423 | D:4      | Reached skill level 5 in Spellcasting
  4787 | D:5      | Entered Level 5 of the Dungeon
  4787 | D:5      | Noticed an ice beast
  4805 | D:4      | Killed an ice beast
  4805 | D:4      | Reached XP level 7. HP: 43/70 MP: 7/14
  4850 | D:5      | Found a stormy altar of Qazlal.
  4850 | D:5      | Noticed Edmund
  4903 | D:4      | Killed Edmund
  5161 | D:4      | Reached skill level 5 in Fighting
  5161 | D:4      | Reached skill level 5 in Dodging
  5248 | D:5      | Found Jeoro's Armour Shop.
  5270 | D:5      | Reached XP level 8. HP: 74/81 MP: 9/16
  5298 | D:5      | Bought a +0 large shield for 54 gold pieces
  5323 | D:5      | Reached skill level 1 in Shields
  5357 | D:5      | Noticed Blork the orc
  5379 | D:5      | Killed Blork the orc
  5515 | D:5      | Found a runed gate.
  5712 | D:5      | Killed Terence
  5824 | D:5      | Found a runed gate.
  5825 | D:5      | Found a runed gate.
  5829 | D:5      | Found a roughly hewn altar of Beogh.
  5829 | D:5      | Noticed Gildeon's ghost (amateur DDHu)
  5977 | D:5      | Killed Gildeon's ghost
  5977 | D:5      | Reached skill level 5 in Shields
  6060 | D:6      | Reached XP level 9. HP: 32/88 MP: 15/18
  6155 | D:6      | Found a hide-covered altar of Uskayaw.
  6155 | D:6      | Found a stormy altar of Qazlal.
  6524 | D:5      | Learned a level 2 spell: Blink
  6839 | D:6      | Found Zioroah's Gadget Emporium.
  6881 | D:6      | Learned a level 3 spell: Regeneration
  6883 | D:6      | Noticed Pikel
  6885 | D:6      | Learned a level 3 spell: Spectral Weapon
  6891 | D:6      | Killed Pikel
  7323 | D:7      | Reached XP level 10. HP: 60/99 MP: 11/20
  9056 | D:8      | Noticed Maurice
  9084 | D:8      | Paralysed by Maurice for 2 turns
  9108 | D:8      | Killed Maurice
  9118 | D:8      | Noticed Joseph
  9191 | D:8      | Found a stormy altar of Qazlal.
  9207 | D:8      | Killed Joseph
  9231 | D:8      | Noticed a two-headed ogre
  9259 | D:8      | Killed a two-headed ogre
  9841 | D:8      | Found a burning altar of Makhleb.
  9842 | D:8      | Found an ancient bone altar of Kikubaaqudgha.
  9848 | D:8      | Found a glowing silver altar of Zin.
  9848 | D:8      | Found a deep blue altar of Sif Muna.
  9850 | D:8      | Found a glowing golden altar of the Shining One.
  9857 | D:8      | Became a worshipper of Sif Muna the Loreminder
  9869 | D:8      | Learned a level 3 spell: Dazzling Spray
 10062 | D:9      | Noticed a two-headed ogre
 10090 | D:9      | Reached XP level 11. HP: 55/115 MP: 7/22
 10133 | D:9      | HP: 3/115 [orc warrior/flail (12)]
 10134 | D:9      | HP: 1/115 [killer bee (2)]
 10134 | D:9      | Slain by a hound

Vault maps used:
D:1:      tarquinn_simple_flora_water_b, serial_forest,
          infiniplex_forest_clump_small, infiniplex_forest_lined_4_way,
          infiniplex_forest_3_way, infiniplex_forest_diagonal,
          infiniplex_forest_zigzag_1
D:2:      cheibrodos_fertilizer, first_ration, uniq_jessica
D:3:      uniq_terence, uniq_robin
D:4:      minmay_temple_entry_glassed_door, serial_shops, shop,
          serial_bayou_crossing
D:5:      serial_shops, shop, biasface_ghost_orc_armoury, basic_altar,
          corexii_hall_statues_x, uniq_edmund, uniq_blork_the_orc
D:6:      gammafunk_temple_overflow_wave, serial_shops, shop, uniq_pikel
D:8:      minitemple, basic_altar, abandoned_shop, uniq_joseph, uniq_maurice
D:9:      wad_woods_minihive, david_lair_shrubbed, orc_0_dummy,
          hangedman_fish_farm, minivault_24, nooodl_food_tri
Temple:   regret_index_temple_generic_petals

Skill      XL: |  1  2  3  4  5  6  7  8  9 10 |
---------------+-------------------------------+-----
Conjurations   | 1 2 |  2.9
Fighting       | 1 2 3 4 5 6 9 |  9.3
Stealth        | 2 3 |  3.0
Spellcasting   | 4 5 6 7 |  7.5
Dodging        | 2 3 4 5 7 |  7.3
Shields        | 5 7 9 |  9.3
Summonings     | |  0.8
Translocations | |  0.8

Action                   |  1- 3 |  4- 6 |  7- 9 | 10-12 || total
-------------------------+-------+-------+-------+-------++-------
Melee: Unarmed           |    18 |       |       |       ||    18
       Whip              |    17 |    29 |       |   253 ||   299
       Dagger            |       |    19 |       |       ||    19
       Battleaxe         |       |   184 |    21 |       ||   205
       Great sword       |       |       |   147 |    27 ||   174
 Cast: Magic Dart        |    35 |    60 |    21 |     1 ||   117
       Call Imp          |     2 |    11 |    17 |    11 ||    41
       Conjure Flame     |     4 |       |     5 |     6 ||    15
       Mephitic Cloud    |       |    12 |    23 |    15 ||    50
       Spectral Weapon   |       |       |     1 |     8 ||     9
       Blink             |       |       |     1 |       ||     1
       Dazzling Spray    |       |       |       |     1 ||     1
Evoke: Wand              |       |       |       |     1 ||     1
  Use: Scroll            |       |     1 |     6 |    16 ||    23
       Potion            |       |       |       |     7 ||     7
 Stab: Confused          |       |     4 |     7 |     1 ||    12
       Sleeping          |       |     2 |     1 |       ||     3
       Paralysed         |       |       |       |     3 ||     3
  Eat: Chunk             |       |    15 |     8 |     9 ||    32
       Ration            |       |     1 |       |       ||     1
Armor: Robe              |     9 |    64 |    33 |    91 ||   197
Dodge: Dodged            |    28 |   180 |   124 |   187 ||   519
Block: Large shield      |       |       |       |    25 ||    25
       Rpst.: Great sword |       |       |    29 |     9 ||    38

Table legend:
 A = Spawn XP
 B = Non-spawn XP
 C = Spawn XP percentage of total XP
 D = Spawn monster count
 E = Non-spawn monster count
 F = Spawn count percentage of total count
 G = Total turns spent on level
                    A         B        C        D         E        F      G
               +---------+---------+-------+---------+---------+-------+---------
         Total |       0 |    9616 |   0.0 |       0 |     240 |   0.0 | 10134
               +---------+---------+-------+---------+---------+-------+---------
           D:1 |       0 |       8 |   0.0 |       0 |       4 |   0.0 |   720
           D:2 |       0 |     242 |   0.0 |       0 |      35 |   0.0 |  1795
           D:3 |       0 |     177 |   0.0 |       0 |      32 |   0.0 |   826
           D:4 |       0 |     660 |   0.0 |       0 |      25 |   0.0 |  1650
           D:5 |       0 |    1608 |   0.0 |       0 |      30 |   0.0 |  1205
           D:6 |       0 |    1627 |   0.0 |       0 |      27 |   0.0 |  1035
           D:7 |       0 |    1999 |   0.0 |       0 |      42 |   0.0 |  1677
           D:8 |       0 |    2500 |   0.0 |       0 |      26 |   0.0 |   913
           D:9 |       0 |     795 |   0.0 |       0 |      19 |   0.0 |   110
               +---------+---------+-------+---------+---------+-------+---------
